 Dungeon Crawl Stone Soup version 0.25.1-2-g60ff931df9 (webtiles) character file.

Game seed: 2841598447391501355

3612 protoss039 the Thaumaturge (level 9, 0/48 HPs)
             Began as a Deep Elf Earth Elementalist on Aug 8, 2020.
             Was a Follower of Sif Muna.
             Slain by a two-headed ogre
             ... wielding a +0 giant club
              (25 damage)
             ... on level 8 of the Dungeon on Aug 9, 2020.
             The game lasted 00:15:54 (8239 turns).

protoss039 the Thaumaturge (DEEE)                   Turns: 8239, Time: 00:15:55

Health: 0/48       AC:  4    Str:  5    XL:     9   Next: 86%
Magic:  32/35      EV: 13    Int: 24    God:    Sif Muna [*.....]
Gold:   395        SH:  0    Dex: 15    Spells: 14/31 levels left

rFire    . . .     SeeInvis .   f - +3 whip (elec)
rCold    . . .     Gourm    .   (no shield)
rNeg     . . .     Faith    .   c - +0 robe
rPois    .         Spirit   .   (no helmet)
rElec    .         Reflect  .   (no cloak)
rCorr    +         Harm     .   l - +0 pair of gloves
MR       .....                  k - +0 pair of boots
Stlth    ++........             e - amulet of magic regeneration
HPRegen  0.16/turn              p - ring of magical power
MPRegen  0.49/turn              i - ring of resist corrosion

@: no status effects
A: no striking features
a: Channel Magic, Renounce Religion


You were on level 8 of the Dungeon.
You worshipped Sif Muna.
Sif Muna was aware of your devotion.
You were not hungry.

You visited 2 branches of the dungeon, and saw 9 of its levels.

You collected 395 gold pieces.

Inventory:

Hand Weapons
 f - a +3 whip of electrocution (weapon)
Missiles
 b - 208 stones (quivered)
Armour
 c - a +0 robe (worn)
 k - a +0 pair of boots (worn)
 l - a +0 pair of gloves (worn)
Jewellery
 e - an amulet of magic regeneration (around neck)
 i - a ring of resist corrosion (right hand)
 p - a ring of magical power (left hand)
 x - a +6 ring of dexterity {unknown}
 z - an uncursed ring of flight
Wands
 B - a wand of paralysis (4)
Scrolls
 a - 3 scrolls of teleportation
 g - 2 scrolls of magic mapping {unknown}
 o - 2 scrolls of random uselessness {unknown}
 q - 2 scrolls of fog {unknown}
 r - 3 scrolls of enchant armour {unknown}
 t - 4 scrolls of amnesia {unknown}
 u - 6 scrolls of remove curse {unknown}
 A - 2 scrolls of blinking {unknown}
Potions
 h - 8 potions of curing {unknown}
 j - 2 potions of magic {unknown}
 m - a potion of ambrosia {unknown}
 n - a potion of stabbing {unknown}
 s - a potion of brilliance {unknown}
 v - 4 potions of mutation {unknown}
 w - a potion of lignification {unknown}
Comestibles
 d - 18 rations
 C - 2 chunks of flesh


   Skills:
 * Level 2.2 Fighting
 - Level 3.0 Dodging
 - Level 3.0 Stealth
 + Level 11.8 Spellcasting
 + Level 3.9 Conjurations
 - Level 2.0 Charms
 * Level 3.2 Transmutations
 - Level 2.0 Air Magic
 + Level 9.5 Earth Magic
 * Level 3.0 Invocations


You had 14 spell levels left.
You knew the following spells:

 Your Spells              Type           Power        Failure   Level  Hunger
a - Sandblast             Erth           ######       1%          1    None
b - Passwall              Tmut/Erth      #####...     1%          2    None
c - Stone Arrow           Conj/Erth      #####.       1%          3    None
d - Petrify               Tmut/Erth      #####...     3%          4    None
e - Lee's Rapid Deconstr  Erth           ######....   2%          5    ###....
p - Swiftness             Chrm/Air       ###.....     3%          2    None

Your spell library contained the following spells:

 Spells                   Type           Power        Failure   Level  Hunger
 Shock                    Conj/Air       ####         1%          1    None
 Static Discharge         Conj/Air       ####....     3%          3    None
 Animate Skeleton         Necr           N/A          4%          1    None
 Apportation              Tloc           ##....       4%          1    None
 Corona                   Hex            ##.....      4%          1    None
 Freeze                   Ice            ##..         4%          1    None
 Summon Small Mammal      Summ           ##..         4%          1    None
 Ozocubu's Armour         Chrm/Ice       ###.....     9%          3    None
 Frozen Ramparts          Ice            ##....       13%         3    None
 Airstrike                Air            ###.......   19%         4    None
 Hailstorm                Conj/Ice       ###.....     19%         4    None
 Lightning Bolt           Conj/Air       ####......   34%         5    ###....
 Summon Ice Beast         Ice/Summ       ##......     41%         4    None


Dungeon Overview and Level Annotations

Branches:
Dungeon (8/15)             Temple (1/1) D:7
   Lair: D:8-11

Altars:
Ashenzari
Cheibriados
Dithmenos
Elyvilon
Fedhas
Gozag
Hepliaklqana
Kikubaaqudgha
Makhleb
Nemelex Xobeh
Okawaru
Qazlal
Ru
Sif Muna
Trog
Uskayaw
Vehumet
Wu Jian
Xom
Yredelemnul
Zin
The Shining One

Shops:
D:7 (


Message History

Sif Muna accepts your kill.
Unknown command.
A giant cockroach comes into view.
Found a stone staircase leading up.
A giant cockroach is nearby!
A giant cockroach is nearby!
A giant cockroach is nearby!
A two-headed ogre comes into view.
It is wielding a +0 giant club and a +0 dire flail.
The two-headed ogre shouts in stereo!
Casting: Stone Arrow (safe; 1% risk of failure)
Confirm with . or Enter, or press ? or * to list all spells.
Aiming: Stone Arrow (safe; 1% risk of failure)
Press: ? - help, Shift-Dir - straight line, f - two-headed ogre
Aim: a two-headed ogre, wielding a +0 giant club and a +0 dire flail The stone arrow hits the two-headed ogre!
The two-headed ogre is moderately wounded.
The two-headed ogre hits you with a +0 giant club!!
The two-headed ogre hits you with a +0 dire flail!!
Ouch! That really hurt!
You die...

####.# #....# ###
#.######..
#####.#####...
###.....#..)..#.
###...#####.#####.
#...### #.# #>
#.### ### #. #@#
#. #O# #. .s. #.
...## #. ...<.
###. #..##. #...
### # ####


You could see a two-headed ogre and a giant cockroach.

Vanquished Creatures
  Pikel (D:7)
  Joseph (D:7)
  Grinder (D:5)
  A hippogriff (D:4)
  Eustachio (D:6)
  A hungry ghost (D:8)
  An ice beast (D:5)
  4 phantoms
  A sky beast (D:5)
  3 ogres
  2 centaurs
  2 bullfrogs
  4 crimson imps
  A bullfrog zombie (D:8)
  4 orc priests
  2 bullfrog skeletons
  4 hounds
  Jessica (D:3)
  3 iguanas
  4 orc wizards
  5 worker ants
  A hound zombie (D:6)
  A howler monkey zombie (D:5)
  A howler monkey skeleton (D:8)
  12 adders
  3 gnolls (D:7)
  A shadow imp (D:6)
  5 oozes
  An adder skeleton (D:6)
  5 worms
  6 dart slugs
  9 leopard geckos
  15 orcs
  4 giant cockroaches
  8 goblins
  5 hobgoblins
  8 jackals
  11 kobolds
  A quokka (D:6)
  8 bats
  4 frilled lizards
  A jackal zombie (D:5)
  2 quokka skeletons
  8 rats
167 creatures vanquished.

Vanquished Creatures (others)
  3 slaves (D:7)
3 creatures vanquished.

Grand Total: 170 creatures vanquished

Notes
Turn   | Place    | Note
-------+----------+-------------------------------------------
     0 | D:1      | protoss039 the Deep Elf Earth Elementalist began the quest
                  | for the Orb.
     0 | D:1      | Reached XP level 1. HP: 10/10 MP: 6/6
   131 | D:1      | Reached XP level 2. HP: 15/15 MP: 6/8
   423 | D:1      | Reached XP level 3. HP: 15/19 MP: 7/10
  1034 | D:1      | Learned a level 2 spell: Passwall
  1038 | D:1      | Learned a level 3 spell: Stone Arrow
  1121 | D:2      | Found a shimmering altar of Xom.
  1226 | D:2      | Reached skill level 4 in Spellcasting
  1241 | D:2      | Reached XP level 4. HP: 19/24 MP: 9/12
  1390 | D:2      | Found a shattered altar of Ashenzari.
  2259 | D:3      | Reached skill level 5 in Spellcasting
  2259 | D:3      | Reached XP level 5. HP: 17/28 MP: 10/14
  2509 | D:3      | Noticed Jessica
  2514 | D:3      | Killed Jessica
  2514 | D:3      | Reached skill level 5 in Earth Magic
  3042 | D:3      | Noticed an ogre
  3047 | D:3      | Killed an ogre
  3047 | D:3      | Reached skill level 6 in Spellcasting
  3047 | D:3      | Reached XP level 6. HP: 32/32 MP: 9/17
  3175 | D:3      | Learned a level 4 spell: Petrify
  3181 | D:3      | Learned a level 5 spell: Lee's Rapid Deconstruction
  3567 | D:4      | Noticed a hippogriff
  3581 | D:4      | Killed a hippogriff
  3581 | D:4      | Reached skill level 7 in Spellcasting
  3581 | D:4      | Reached XP level 7. HP: 36/36 MP: 20/20
  4096 | D:4      | Reached skill level 8 in Spellcasting
  4649 | D:5      | Entered Level 5 of the Dungeon
  4662 | D:5      | Noticed Grinder
  4667 | D:5      | Killed Grinder
  4667 | D:5      | Reached skill level 9 in Spellcasting
  4667 | D:5      | Reached skill level 1 in Conjurations
  4667 | D:5      | Reached XP level 8. HP: 41/41 MP: 16/23
  5320 | D:5      | Reached skill level 10 in Spellcasting
  5740 | D:6      | Noticed Eustachio
  5788 | D:6      | Killed Eustachio
  6051 | D:6      | Learned a level 2 spell: Swiftness
  6306 | D:6      | Reached skill level 1 in Charms
  6672 | D:7      | Found a faded altar of an unknown god.
  6672 | D:7      | Found a staircase to the Ecumenical Temple.
  6682 | Temple   | Entered the Ecumenical Temple
  6770 | Temple   | Became a worshipper of Sif Muna the Loreminder
  6897 | D:7      | Reached XP level 9. HP: 45/45 MP: 25/25
  7059 | D:7      | Noticed Joseph
  7063 | D:7      | Killed Joseph
  7063 | D:7      | Reached skill level 11 in Spellcasting
  7063 | D:7      | Reached skill level 1 in Air Magic
  7063 | D:7      | Reached skill level 1 in Invocations
  7425 | D:7      | Reached skill level 1 in Fighting
  7506 | D:7      | Noticed Pikel
  7511 | D:7      | Killed Pikel
  7610 | D:7      | Found Kokoys's Weapon Shoppe.
  8015 | D:8      | Reached * piety under Sif Muna
  8237 | D:8      | Noticed a two-headed ogre
  8239 | D:8      | Slain by a two-headed ogre

Illustrated notes

Levels and vault maps discovered:
D:1:      dpeg_arrival_another_circle, layout_basic
D:2:      layout_basic, lemuel_round_altar, minmay_misc_feat_cross,
          corexii_item_surrounded_by_moat, nicolae_ashenzari_panopticon
D:3:      layout_rooms, uniq_jessica
D:4:      layout_basic, kennysheep_path_1
D:5:      minmay_spotlight, layout_basic, first_ration, uniq_grinder
D:6:      layout_cave_pods, uniq_eustachio
D:7:      layout_layer_cave, nicolae_temple_entry_ecumenical, serial_shops,
          kennysheep_mini, uniq_joseph, uniq_pikel
D:8:      layout_rooms, lemuel_blue_sif_altar
Temple:   dpeg_three_leaves_temple

Skill      XL: |  1  2  3  4  5  6  7  8  9 |
---------------+----------------------------+-----
Earth Magic    | 4 5 6 7 8 9 |  9.5
Stealth        | 3 |  3.0
Dodging        | 3 |  3.0
Spellcasting   | 4 5 6 7 9 10 11 | 11.8
Conjurations   | 1 2 3 |  3.9
Charms         | 1 2 |  2.0
Air Magic      | 2 |  2.0
Invocations    | 3 |  3.0
Fighting       | 2 |  2.2
Transmutations | 3 |  3.2

Action                   |  1- 3 |  4- 6 |  7- 9 || total
-------------------------+-------+-------+-------++-------
Melee: Unarmed           |     5 |       |       ||     5
       Dagger            |     6 |       |       ||     6
       Whip              |    10 |    60 |    17 ||    87
 Cast: Sandblast         |    43 |    43 |    39 ||   125
       Stone Arrow       |       |     6 |    99 ||   105
       Lee's Rapid Decon |       |       |    10 ||    10
       Passwall          |       |       |     3 ||     3
  Use: Scroll            |       |     5 |     4 ||     9
 Stab: Sleeping          |     1 |    10 |       ||    11
  Eat: Chunk             |     1 |     7 |    16 ||    24
Armor: Robe              |     8 |     5 |    11 ||    24
Dodge: Dodged            |    41 |    46 |    44 ||   131
